 Dungeon Crawl Stone Soup version 0.28-a0-589-g333b8329f1 (webtiles) character file.

Game seed: 6249183344060729602

20 pokedragonboy the Conjurer (level 2, -6/15 HPs)
             Began as a Deep Elf Conjurer on Oct 3, 2021.
             Mangled by Sigmund (10 damage)
             ... on level 2 of the Dungeon.
             The game lasted 00:01:18 (959 turns).

pokedragonboy the Conjurer (Deep Elf Conjurer)       Turns: 959, Time: 00:01:19

Health: -6/15      AC:  2    Str:  4    XL:     2   Next: 58%
Magic:  5/8        EV: 12    Int: 22    God:
Gold:   38         SH:  0    Dex: 13    Spells: 5/8 levels left

rFire   . . .      SeeInvis .   b - +0 mace (protect)
rCold   . . .      Faith    .   (no shield)
rNeg    . . .      Spirit   .   a - +0 robe
rPois   .          Reflect  .   (no helmet)
rElec   .          Harm     .   (no cloak)
rCorr   .          Rampage  .   (no gloves)
Will    .....                   (no boots)
Stlth   ++........              (no amulet)
HPRegen 0.05/turn               (no ring)
MPRegen 0.11/turn               (no ring)

@: no status effects
A: no striking features
a: no special abilities


You were on level 2 of the Dungeon.
You visited 1 branch of the dungeon, and saw 2 of its levels.

You collected 38 gold pieces.

Inventory:

Hand Weapons
 b - a +0 mace of protection (weapon)
Missiles
 c - 4 boomerangs
Armour
 a - a +0 robe (worn)
Scrolls
 e - a scroll of teleportation {unknown}
Potions
 d - a potion of attraction {unknown}
 f - a potion of mutation {unknown}


   Skills:
 - Level 2.4 Dodging
 - Level 2.4 Stealth
 + Level 3.5 Spellcasting
 * Level 5.0 Conjurations


You had 5 spell levels left.
You knew the following spells:

 Your Spells              Type           Power      Damage    Failure   Level
a - Magic Dart            Conj           100%       1d8       1%          1
b - Searing Ray           Conj           52%        2d6       2%          2

Your spell library contained the following spells:

 Spells                   Type           Power      Damage    Failure   Level
 Dazzling Flash           Conj/Hex       28%        N/A       13%         3
 Fulminant Prism          Conj/Hex       7%         3d7       38%         4
 Iskenderun's Mystic Bla  Conj/Tloc      14%        2d5       38%         4


Dungeon Overview and Level Annotations

Branches:
Dungeon (2/15)

Altars:

Shops:
D:1 (

Annotations:
D:2 Sigmund


Message History

Magic restored.
e - a scroll labelled POBRUR XYHIDA
f - a puce potion An endoplasm comes into view.
The magic dart hits the endoplasm.
The endoplasm is lightly wounded.
The endoplasm quivers.
The magic dart hits the endoplasm.
You kill the endoplasm!
Your Conjurations skill increases to level 5!
You start resting.
Magic restored.
A rat comes into view.
The magic dart hits the rat!
You kill the rat!
You can't see any susceptible monsters within range! (Use Z to cast anyway.)
Found a stone staircase leading up.
Sigmund the Dreaded comes into view.
He is wielding a +0 scythe.
Sigmund shouts!
You hear an angry hiss.
Sigmund hits you from afar with a +0 scythe!
Ouch! That really hurt!
* * * LOW HITPOINT WARNING * * *
Okay, then.
Casting: Magic Dart (safe; 1% risk of failure)
Confirm with . or Enter, or press ? or * to list all spells.
You don't know that spell.
Unknown command.
Casting: Magic Dart (safe; 1% risk of failure)
Confirm with . or Enter, or press ? or * to list all spells.
Aiming: Searing Ray (safe; 2% risk of failure)
Press: ? - help, Shift-Dir - straight line, f - Sigmund
Aim: Sigmund, wielding a +0 scythe and wearing a +0 robe (77% to hit)
The searing ray hits Sigmund!
Sigmund is moderately wounded. (Press . to maintain the ray.) Unknown command.
The searing ray misses Sigmund.
Sigmund hits you from afar with a +0 scythe!
Ouch! That really hurt!
You die...

#....##..###
###....##..#
.......#...#
#....#.#.#
#......#.#
#.....##.# .#
#.....##.#
#####..#.
#.....##.#
#<.@...≈.
#.#.####.# #@#
#.#.###..## #.# ..
. #..##...###.#
#...###.#.....#..#
#.............##
#..###........##
.. #........#
#.......##
#######.......##


You could see Sigmund.

Vanquished Creatures
  A dart slug (D:1)
  A bat (D:1)
  An endoplasm (D:2)
  2 giant cockroaches
  A goblin (D:1)
  A hobgoblin (D:1)
  2 kobolds (D:1)
  3 quokkas
  A ball python (D:1)
  2 frilled lizards (D:1)
  A rat (D:2)
16 creatures vanquished.

Notes
Turn   | Place    | Note
-------+----------+-------------------------------------------
     0 | D:1      | pokedragonboy the Deep Elf Conjurer began the quest for the
                  | Orb.
     0 | D:1      | Reached XP level 1. HP: 10/10 MP: 6/6
   292 | D:1      | Reached XP level 2. HP: 15/15 MP: 4/8
   295 | D:1      | Learned a level 2 spell: Searing Ray
   505 | D:1      | Found Qoninem's Weapon Boutique.
   897 | D:2      | Reached skill level 5 in Conjurations
   957 | D:2      | Noticed Sigmund
   959 | D:2      | Mangled by Sigmund

Illustrated notes

Levels and vault maps discovered:
D:1:      scummos_arrival_simple_fountains, layout_basic, serial_shops,
          nicolae_lakefront_shop, minmay_liquid_box, palyth_stone_intersect
D:2:      layout_rooms, shapermc_ecumenical_altar_starsandcircs, uniq_sigmund,
          uniq_robin

Skill      XL: |  1  2 |
---------------+-------+-----
Conjurations   | 5 |  5.0
Dodging        | |  2.4
Stealth        | |  2.4
Spellcasting   | |  3.5

Action                   || total
-------------------------++-------
 Cast: Magic Dart        ||    26
       Searing Ray       ||     2
Dodge: Dodged            ||     3

Table legend: (Time is in decaauts)
 A = Elapsed time spent in this place.
 B = Non-inter-level travel time spent in this place.
 C = Inter-level travel time spent in this place.
 D = Time resting spent in this place.
 E = Time spent auto-exploring this place.
 F = Levels seen in this place.
 G = Mean time per level.
                   A        B        C        D        E       F      G
               +--------+--------+--------+--------+--------+-----+--------+
         Total |    958 |    945 |     13 |     84 |    786 |   2 |  479.0 |
       Dungeon |    958 |    945 |     13 |     84 |    786 |   2 |  479.0 |
               +--------+--------+--------+--------+--------+-----+--------+

Top non-repeatable levels by time:
     D:1: 816 daAuts
     D:2: 141 daAuts
